 Dungeon Crawl Stone Soup version 0.30-a0-639-g3916f1956a (webtiles) character file.

Game seed: 9873691219365121881

112 timneilson the Slasher (level 4, -5/34 HPs)
             Began as a Demonspawn Gladiator on Jan 16, 2023.
             Slain by an orc priest
             ... wielding a +4 hand axe of electrocution
              (13 damage)
             ... on level 3 of the Dungeon.
             The game lasted 00:01:55 (1782 turns).

timneilson the Slasher (Demonspawn Gladiator)       Turns: 1782, Time: 00:01:56

Health: -5/34      AC: 10    Str: 16    XL:     4   Next: 64%
Magic:  4/4        EV:  7    Int:  9    God:
Gold:   141        SH:  0    Dex: 15    Spells: 3/3 levels left

rFire   . . .      SeeInvis .    a - +1 long sword
rCold   . . .      Faith    .    (no shield)
rNeg    . . .      Spirit   .    l - +0 chain mail
rPois   .          Reflect  .    c - +1 helmet
rElec   .          Harm     .    (no cloak)
rCorr   .          Rampage  .    (no gloves)
Will    .....                    (no boots) Stlth
                                 (no amulet)
HPRegen 0.25/turn                (no ring)
MPRegen 0.18/turn                (no ring)

@: no status effects
A: spiny 1, magic regeneration
a: no special abilities


You were on level 3 of the Dungeon.
You visited 1 branch of the dungeon, and saw 3 of its levels.

You collected 141 gold pieces.

Inventory:

Hand Weapons
 a - a +1 long sword (weapon)
Missiles
 d - 3 throwing nets (quivered)
 e - a javelin
Armour
 c - a +1 helmet (worn)
 l - a +0 chain mail (worn)
Scrolls
 i - a scroll of enchant weapon
Potions
 f - a potion of flight {unknown}
 h - 2 potions of curing
 j - a potion of lignification {unknown}
 k - 3 potions of haste


   Skills:
 + Level 2.6 Fighting
 * Level 3.6 Long Blades
 - Level 1.7 Throwing
 * Level 2.1 Armour
 + Level 3.1 Dodging


You had 3 spell levels left.
You didn't know any spells.
Your spell library contained the following spells:

 Spells                   Type           Power      Damage    Failure   Level
 Inner Flame              Hex/Fire       0%         N/A       100%        3
 Flame Wave               Conj/Fire      0%         2d4       100%        4
 Sticky Flame             Conj/Fire      0%         2d3       100%        4


Dungeon Overview and Level Annotations

Branches:
Dungeon (3/15)

Altars:


Innate Abilities, Weirdness & Mutations

You are partially covered in sharp spines.
You regenerate magic rapidly.


Message History

You slash the orc wizard!
You kill the orc wizard!
The orc priest casts a cantrip, but nothing happens.
You hit the orc.
The orc is heavily wounded.
The orc is struck by your spines. The orc closely misses you.
You closely miss the orc.
The orc is almost dead.
The orc hits you with a +0 club.
You slash the orc!
You kill the orc!
The orc priest begins to cast a cantrip, but forgets the words!
Something hits you but does no damage.
You hit something. Something hits you but does no damage.
You slash something! Something hits you but does no damage.
You barely miss something.
The orc priest looks encouraged for a moment.
You hear some strange, mumbled words.
Something tries to affect you, but you resist.
You hit something but do no damage.
The orc priest mumbles some strange prayers to Beogh against you.
Something writhes in agony.
Reactivating autopickup.
You feel a bit more experienced.
Your Armour skill increases to level 2!
You hit the orc priest.
The orc priest is heavily wounded.
The orc priest invokes the aid of Beogh against you.
Pain shoots through your body!
* * * LOW HITPOINT WARNING * * *
You barely miss the orc priest.
The orc priest is heavily wounded.
The orc priest hits you but does no damage.
You completely miss the orc priest.
The orc priest is heavily wounded.
The orc priest is struck by your spines.
The orc priest hits you with a +4 hand axe of electrocution.
* * * LOW HITPOINT WARNING * * *
You are electrocuted!
You die... ############# #<...@ob..... #############

You could see an orc priest and a bat.

Vanquished Creatures
  Jessica (D:2)
  An orc wizard (D:3)
  An adder (D:2)
  2 worms
  An orc (D:3)
  8 bats
  4 endoplasms
  A giant cockroach (D:2)
  4 goblins
  3 hobgoblins
  2 kobolds
  3 frilled lizards (D:2)
  2 rats
33 creatures vanquished.

Vanquished Creatures (others)
  An orc wizard (D:3)
1 creature vanquished.

Grand Total: 34 creatures vanquished

Notes
Turn   | Place    | Note
-------+----------+-------------------------------------------
     0 | D:1      | timneilson the Demonspawn Gladiator began the quest for the
                  | Orb.
     0 | D:1      | Reached XP level 1. HP: 16/16 MP: 1/1
   461 | D:1      | Gained mutation: You are partially covered in sharp spines.
                  | [demonic ancestry]
   461 | D:1      | Reached XP level 2. HP: 22/22 MP: 2/2
   693 | D:1      | Reached skill level 1 in Armour
  1017 | D:2      | Gained mutation: You regenerate magic rapidly. [demonic
                  | ancestry]
  1017 | D:2      | Reached XP level 3. HP: 17/27 MP: 3/3
  1111 | D:2      | Noticed Jessica
  1117 | D:2      | Killed Jessica
  1421 | D:2      | Reached XP level 4. HP: 17/34 MP: 4/4
  1782 | D:3      | Slain by an orc priest

Illustrated notes

Levels and vault maps discovered:
D:1:      psy_arrival_heroes, layout_loops_corners, wad_floor_pattern_2,
          nicolae_wormholes
D:2:      layout_loops_ring, uniq_jessica
D:3:      layout_basic, mainiacjoe_overflow_boulevard, lemuel_round_altar,
          pf_guarded_unrand_woodcutter

Skill      XL: |  1  2  3  4 |
---------------+-------------+-----
Long Blades    | 3 |  3.6
Armour         | 1 2 |  2.1
Dodging        | 3 |  3.1
Fighting       | |  2.6
Throwing       | |  1.7

Action                   |  1- 3 |  4- 6 || total
-------------------------+-------+-------++-------
Melee: Long sword        |    80 |    12 ||    92
       Punch             |     1 |       ||     1
  Use: Scroll            |     3 |     4 ||     7
Armor: Leather armour    |    38 |       ||    38
       Chain mail        |     2 |     4 ||     6
Dodge: Dodged            |    43 |     3 ||    46

Table legend: (Time is in decaauts)
 A = Elapsed time spent in this place.
 B = Non-inter-level travel time spent in this place.
 C = Inter-level travel time spent in this place.
 D = Time resting spent in this place.
 E = Time spent auto-exploring this place.
 F = Levels seen in this place.
 G = Mean time per level.
                   A        B        C        D        E       F      G
               +--------+--------+--------+--------+--------+-----+--------+
         Total |   1803 |   1727 |     76 |      0 |   1460 |   3 |  601.0 |
       Dungeon |   1803 |   1727 |     76 |      0 |   1460 |   3 |  601.0 |
               +--------+--------+--------+--------+--------+-----+--------+

Top non-repeatable levels by time:
     D:1: 977 daAuts
     D:2: 807 daAuts
     D:3: 18 daAuts
